 Dungeon Crawl Stone Soup version 0.28.0 (webtiles) character file.

Game seed: 470813583820913229

64304 Amplified the Bludgeoner (level 14, -4/133 HPs)
             Began as a Minotaur Fighter on Feb 7, 2022.
             Was an Initiate of Gozag.
             Succumbed to a red devil's poison
             ... while paralysed by an orc sorcerer
             ... on level 2 of the Orcish Mines.
             The game lasted 00:35:56 (25169 turns).

Amplified the Bludgeoner (Minotaur Fighter)        Turns: 25169, Time: 00:35:56

Health: -4/133     AC: 16    Str: 23    XL:     14   Next: 71%
Magic:  1/13       EV:  2    Int:  2    God:    Gozag
Gold:   4291       SH:  0    Dex: 16    Spells: 11/13 levels left

rFire   . . .      SeeInvis .   a - +9 great mace "Dude" {drain, Fly}
rCold   + . .      Faith    .   (shield currently unavailable)
rNeg    . . .      Spirit   +   E - +2 scale mail {rPois}
rPois   +          Reflect  .   n - +2 hat of Fedhas's Hope {rElec rPois Int-5 Dex+5}
rElec   +          Harm     .   (no cloak)
rCorr   +          Rampage  .   (no gloves)
Will    ++...                   m - +2 pair of boots
Stlth   ..........              g - amulet of guardian spirit
HPRegen 0.32/turn               i - ring of Hewne {Drain rC+ Will+ rCorr}
MPRegen 0.13/turn               G - +4 ring of evasion

@: paralysed, lethally poisoned (-4 -> -31), spiked, flying
A: horns 2, retaliatory headbutt
a: Renounce Religion, Potion Petition, Call Merchant, Bribe Branch


You were on level 2 of the Orcish Mines.
You worshipped Gozag.
Gozag was most pleased with you.
You visited 3 branches of the dungeon, and saw 21 of its levels.
You also visited: Gauntlet.

You collected 6974 gold pieces.
You spent 1431 gold pieces at shops.
You paid 1252 gold pieces to Gozag.

Inventory:

Hand Weapons
 a - the +9 great mace "Dude" (weapon) {drain, Fly}
   (You bought it in a shop on level 1 of the Lair of Beasts)

   A truly terrible weapon, it drains the life of any living foe it strikes.
   Fly:       It grants you flight.
 k - a +1 broad axe of venom
 I - the +0 staff of Battle
   (You found it on level 12 of the Dungeon)

   It enhances your conjuration magic.
   It summons a battlesphere in combat, with strength depending on Conjurations
   skill.
   Its strikes trigger the battlesphere's blasts.
Missiles
 z - 15 curare-tipped darts (quivered)
 F - 23 poisoned darts
Armour
 m - a +2 pair of boots (worn)
 n - the +2 hat of Fedhas's Hope (worn) {rElec rPois Int-5 Dex+5}
   (You found it in a Gauntlet)

   Int:       It affects your intelligence (-5).
   Dex:       It affects your dexterity (+5).
   rElec:     It insulates you from electricity.
   rPois:     It protects you from poison.
 x - a +2 leather armour of fire resistance
 E - a +2 scale mail of poison resistance (worn)
Jewellery
 b - a ring of poison resistance
 c - a +6 ring of dexterity
 g - an amulet of guardian spirit (around neck)
 i - the ring of Hewne (left hand) {Drain rC+ Will+ rCorr}
   (You found it on level 4 of the Dungeon)

   [ring of resist corrosion]

   rC:        It protects you from cold.
   rCorr:     It protects you from acid and corrosion.
   Drain:     It drains your maximum health when unequipped.
   Will:      It increases your willpower.
 j - a ring of willpower
 p - the ring "Feorch" {Fire MP+9 Str-4 Dex+7 SInv}
   (You found it in a Gauntlet)

   [ring of fire]

   It enhances your fire magic.
   Str:       It affects your strength (-4).
   Dex:       It affects your dexterity (+7).
   rF:        It protects you from fire.
   rC:        It makes you vulnerable to cold.
   MP:        It affects your magic capacity (+9).
   SInv:      It lets you see invisible.
 A - a ring of ice
 G - a +4 ring of evasion (right hand)
 P - a ring of positive energy
Wands
 l - a wand of charming (3)
 H - a wand of mindburst (5)
 N - a wand of digging (4)
 O - a wand of iceblast (2)
 S - a wand of flame (18)
Scrolls
 o - 11 scrolls of teleportation
 q - 3 scrolls of amnesia
 r - 2 scrolls of fog
 s - 4 scrolls of blinking
 u - 6 scrolls of identify
 y - 5 scrolls of immolation
 J - 3 scrolls of enchant armour
 K - 2 scrolls of magic mapping
 L - a scroll of fear
Potions
 d - 6 potions of mutation
 e - a potion of might
 f - 4 potions of attraction
 h - 3 potions of magic
 t - 4 potions of ambrosia
 v - 5 potions of flight
 w - 3 potions of lignification
 D - 3 potions of haste
Miscellaneous
 C - a lightning rod (4/4)


   Skills:
 + Level 14.7 Fighting
 - Level 14.4(17.4) Axes
 * Level 16.1(18.3) Maces & Flails
 - Level 10.3 Armour
 - Level 11.8 Dodging
 - Level 1.0 Stealth
 - Level 6.4 Shields
 - Level 4.0 Conjurations
 - Level 0.4 Evocations


You had 11 spell levels left.
You knew the following spells:

 Your Spells              Type           Power      Damage    Failure   Level
a - Static Discharge      Conj/Air       0%         N/A       67%         2

Your spell library contained the following spells:

 Spells                   Type           Power      Damage    Failure   Level
 Magic Dart               Conj           4%         1d3       26%         1
 Animate Skeleton         Necr           0%         N/A       80%         1
 Apportation              Tloc           0%         N/A       80%         1
 Beastly Appendage        Tmut           0%         N/A       80%         1
 Sandblast                Erth           0%         2d4       80%         1
 Slow                     Hex            0%         N/A       80%         1
 Summon Small Mammal      Summ           0%         N/A       80%         1
 Dazzling Flash           Conj/Hex       0%         N/A       88%         3
 Call Imp                 Summ           0%         N/A       91%         2
 Passwall                 Tmut/Erth      0%         N/A       91%         2
 Wereblood                Tmut           0%         N/A       91%         2
 Mephitic Cloud           Conj/Pois/Air  0%         N/A       94%         3
 Confusing Touch          Hex            0%         N/A       99%         3
 Gell's Gravitas          Tloc           0%         N/A       99%         3
 Spider Form              Tmut/Pois      0%         N/A       99%         3
 Summon Guardian Golem    Hex/Summ       0%         N/A       99%         3
 Teleport Other           Tloc           0%         N/A       99%         3
 Vampiric Draining        Necr           0%         2d6       99%         3
 Sticky Flame             Conj/Fire      0%         2d3       99%         4
 Animate Armour           Summ/Erth      0%         N/A       100%        4
 Dispel Undead            Necr           0%         3d6       100%        4
 Agony                    Necr           0%         N/A       100%        5
 Blade Hands              Tmut           0%         N/A       100%        5
 Irradiate                Conj/Tmut      0%         3d13      100%        5
 Silence                  Hex/Air        0%         N/A       100%        5
 Yara's Violent Unravell  Hex/Tmut       0%         3d3       100%        5
 Dragon Form              Tmut           0%         N/A       100%        7
 Enfeeble                 Hex            0%         N/A       100%        7
 Orb of Destruction       Conj           0%         9d5       100%        7
 Spellforged Servitor     Conj/Summ      0%         N/A       100%        7


Dungeon Overview and Level Annotations

Branches:
Dungeon (13/15)            Temple (0/1) D:6            Lair (6/6) D:11
 Shoals (0/4) Lair:2       Spider (0/4) Lair:2        Slime (0/5) Lair:6
    Orc (2/2) D:11            Elf (0/3) Orc:2       Gauntlet (visited)
 Vaults: D:13-14

Altars:
Dithmenos
Fedhas
Gozag
Hepliaklqana
Nemelex Xobeh
Qazlal
Sif Muna
Trog
Uskayaw
Vehumet
Wu Jian
The Shining One

Shops:
D:6 (   Lair:1 (

Annotations:
D:6 2 transporters
D:7 exclusions: oklob plant and statue
D:8 2 transporters, sbaton's ghost, novice TrBe
D:9 Erolcha
Lair:6 exclusion: 5 oklob plants


Innate Abilities, Weirdness & Mutations

You have a pair of horns on your head.
You reflexively headbutt those who attack you in melee.


Message History

The barbs in your skin will harm you if you move.
Continue?
Okay, then.
Okay, then.
The orc sorcerer gestures at you while chanting.
You suddenly lose the ability to move!
The red devil hits you from afar with a +1 demon trident of venom!
Barbed spikes become lodged in your body.
The orc wizard casts a spell at you.
You are confused.
The red devil hits you from afar with a +1 demon trident of venom!!
Barbed spikes become lodged in your body.
The orc sorcerer hits you with a +0 dagger.
The orc wizard mumbles some strange words.
The orc wizard flickers and vanishes!
Deactivating autopickup; reactivate with Ctrl-A.
The red devil completely misses you.
The orc sorcerer hits you but does no damage.
The red devil hits you from afar with a +1 demon trident of venom!
Barbed spikes become lodged in your body.
You are poisoned.
You feel very sick.
The orc sorcerer points at you and mumbles some strange words.
The bolt of fire hits you!!!
* * * LOW HITPOINT WARNING * * *
Something hits you but does no damage.
The red devil hits you from afar with a +1 demon trident of venom!
* * * LOW HITPOINT WARNING * * *
Barbed spikes become lodged in your body.
You are more poisoned.
* * * LOW HITPOINT WARNING * * *
You feel extremely sick.
The orc sorcerer hits you with a +0 dagger.
* * * LOW HITPOINT WARNING * * *
You hear some strange, mumbled words.
A magic dart appears from out of thin air!
The magic dart hits you but does no damage.
The red devil hits you but does no damage.
You feel less confused.
You die...
Your body crumbles into a pile of gold.

*≈***,,*,,##≈...≈##,,*,,***≈*
***#≈*,,,,,#≈≈§..≈≈#,,,,,*≈***
*≈≈≈≈###8###≈§...≈§##*∩**#≈≈≈≈
**≈≈§≈§###≈≈≈≈§.§≈§≈≈###≈≈≈≈≈*
**§≈≈§≈≈≈§*#≈.§§≈#*≈≈≈≈≈≈≈≈**
###,.§#≈≈≈≈≈##§...≈##≈≈≈≈≈****
##.##..#.....≈§.....≈≈#*****
#...#.......#).o.4....##
##...#.......##@....##.##
#......#.....##{....##..#
##.......................##
#.........................#
..............##.....##...#
..............##.....##...#
................).........#
...............)..........# #
..#...........)..........##
#####


You could see an orc sorcerer and a red devil (summoned).

Vanquished Creatures
  14 hydras
  A boulder beetle (Lair:6)
  Fannar (D:11)
  Harold (D:9)
  5 two-headed ogres
  Sonja (Lair:6)
  Pikel (D:4)
  A lindwurm (Lair:5)
  An orc knight (D:11)
  3 orc sorcerers (Orc:2)
  A manticore (D:12)
  2 ugly things
  An oklob plant (Lair:4)
  4 cyclopes
  6 elephants (Lair:6)
  A moth of wrath (Gauntlet)
  3 merfolk sirens (Lair:2)
  3 black mambas
  11 cane toads
  A torpor snail (Gauntlet)
  Maggie (D:10)
  A rime drake (Lair:6)
  2 kobold demonologists (D:10)
  11 komodo dragons
  3 tengu conjurers (D:12)
  A merfolk (Lair:2)
  A meliai (Lair:2)
  Prince Ribbit (D:7)
  4 polar bears (Lair:6)
  4 hornets (Lair:6)
  4 trolls
  Grinder (D:5)
  21 dream sheep
  7 blink frogs
  A vampire (D:11)
  A wraith (D:12)
  12 spriggans (Lair:6)
  5 basilisks
  A water elemental (D:11)
  3 wyverns
  49 yaks
  2 steam dragons
  A warg (D:11)
  4 redbacks (Gauntlet)
  Menkaure (D:6)
  19 water moccasins
  Duvessa (D:6)
  An ice beast (D:8)
  11 orc warriors
  5 black bears
  A sky beast (D:6)
  A hornet zombie (D:6)
  2 necrophages
  8 ogres
  31 wolves
  4 boggarts (Lair:6)
  A centaur (D:9)
  A lemure (D:3)
  4 phantoms
  The ghost of Akaron the Digger, an amateur OpEE (D:3)
  4 kobold brigands
  14 bullfrogs
  A gnoll sergeant (D:5)
  6 scorpions
  Dowan (D:6)
  A water moccasin skeleton (D:4)
  A killer bee (Lair:2)
  7 wights
  A vampire bat (Lair:3)
  7 electric eels
  4 centaur zombies
  A bullfrog zombie (D:6)
  3 centaur skeletons
  15 orc priests
  8 hounds
  4 jellies
  Natasha (thrice) (D:2)
  13 orc wizards
  2 killer bee zombies
  14 gnolls
  A howler monkey skeleton (D:6)
  5 adders
  A hound simulacrum (D:3)
  A shadow imp (D:6)
  3 white imps
  2 ufetubi
  An adder skeleton (D:4)
  A worm (D:2)
  A dart slug (D:3)
  3 adder simulacra (D:3)
  69 orcs
  13 bats
  26 endoplasms
  6 giant cockroaches
  5 hobgoblins
  22 kobolds
  2 quokkas (D:2)
  8 ball pythons
  A ball python simulacrum (D:3)
  4 frilled lizards
  7 goblins
  8 rats
595 creatures vanquished.

Vanquished Creatures (others)
  An orc wizard (Orc:2)
  37 fungi
  85 plants
123 creatures vanquished.

Grand Total: 718 creatures vanquished

Notes
Turn   | Place    | Note
-------+----------+-------------------------------------------
     0 | D:1      | Amplified the Minotaur Fighter began the quest for the Orb.
     0 | D:1      | Reached XP level 1. HP: 19/19 MP: 0/0
   186 | D:1      | Reached XP level 2. HP: 25/27 MP: 1/1
   541 | D:1      | Reached XP level 3. HP: 33/33 MP: 2/2
  1091 | D:2      | Noticed Natasha
  1097 | D:2      | Killed Natasha
  1098 | D:2      | Reached XP level 4. HP: 40/40 MP: 3/3
  1107 | D:2      | Found an opulent altar of Gozag.
  1113 | D:2      | Became a worshipper of Gozag Ym Sagoz the Greedy
  1276 | D:2      | Noticed Natasha
  1284 | D:2      | Killed Natasha
  1572 | D:2      | Noticed Natasha
  1582 | D:2      | Killed Natasha
  1583 | D:2      | Reached XP level 5. HP: 42/46 MP: 4/4
  2060 | D:3      | Noticed Akaron's ghost (amateur OpEE)
  2133 | D:4      | Noticed Pikel
  2133 | D:4      | Noticed a lemure
  2133 | D:4      | Noticed a lemure
  2133 | D:4      | Noticed a lemure
  2156 | D:3      | Killed a lemure
  2315 | D:3      | Found a runed translucent gate.
  2315 | D:3      | Found a runed translucent gate.
  2315 | D:3      | Found a runed translucent gate.
  3064 | D:3      | Reached skill level 5 in Axes
  3536 | D:4      | Identified the ring of Hewne {Drain rC+ Will+ rCorr}
  3551 | D:4      | Noticed a necrophage
  3568 | D:4      | Killed a necrophage
  3569 | D:4      | Reached skill level 5 in Armour
  3569 | D:4      | Reached skill level 5 in Shields
  3569 | D:4      | Reached XP level 6. HP: 53/53 MP: 5/5
  4020 | D:4      | Reached skill level 1 in Dodging
  4116 | D:4      | Reached XP level 7. HP: 39/60 MP: 3/6
  4354 | D:4      | Killed Pikel
  4355 | D:4      | Reached skill level 5 in Fighting
  4355 | D:4      | Reached XP level 8. HP: 47/69 MP: 4/7
  5038 | D:4      | Found a sparkling altar of Nemelex Xobeh.
  5044 | D:4      | Found a blossoming altar of Fedhas.
  5111 | D:5      | Entered Level 5 of the Dungeon
  5754 | D:5      | Reached skill level 1 in Stealth
  5862 | D:5      | Noticed Grinder
  5874 | D:5      | You fall into a shaft and drop 3 floors!
  5879 | D:8      | Found a transporter.
  6245 | D:7      | Noticed an oklob plant
  6565 | D:6      | Found a transporter.
  6645 | D:6      | Reached XP level 9. HP: 73/79 MP: 6/8
  6668 | D:6      | Found a staircase to the Ecumenical Temple.
  6699 | D:6      | Found a transporter.
  6987 | D:6      | Found Xysisupu's Distillery.
  6990 | D:6      | Found Umireun's Weapon Shoppe.
  7004 | D:6      | Bought a potion of curing for 30 gold pieces
  7004 | D:6      | Bought 2 potions of curing for 60 gold pieces
  7004 | D:6      | Bought a potion of curing for 30 gold pieces
  7004 | D:6      | Bought 2 potions of ambrosia for 160 gold pieces
  7004 | D:6      | Bought 2 potions of might for 80 gold pieces
  7004 | D:6      | Bought a potion of flight for 30 gold pieces
  7004 | D:6      | Bought 2 potions of lignification for 60 gold pieces
  7004 | D:6      | Bought a potion of degeneration for 10 gold pieces
  7036 | D:6      | Reached skill level 10 in Axes
  7038 | D:6      | Noticed Menkaure
  7045 | D:6      | Killed Menkaure
  7431 | D:6      | Noticed Duvessa
  7431 | D:6      | Noticed Dowan
  7438 | D:6      | Killed Dowan
  7439 | D:6      | Killed Duvessa
  7645 | D:5      | Paralysed by Grinder for 6 turns
  7671 | D:5      | Killed Grinder
  7672 | D:5      | Reached skill level 5 in Dodging
  7762 | D:5      | Found a hazy altar of Hepliaklqana.
  7968 | D:5      | Found a glowing golden altar of the Shining One.
  8437 | D:3      | Killed Akaron's ghost
  8750 | D:7      | Noticed Prince Ribbit
  8773 | D:7      | Killed Prince Ribbit
  8774 | D:7      | Reached XP level 10. HP: 79/91 MP: 7/9
  8794 | D:7      | Noticed a cyclops
  8924 | D:7      | Killed a cyclops
  9148 | D:7      | Found a radiant altar of Vehumet.
  9226 | D:7      | Found a faded altar of an unknown god.
  9226 | D:7      | Found a faded altar of an unknown god.
  9234 | D:7      | Found a shimmering blue altar of Sif Muna.
  9236 | D:7      | Found a hide-covered altar of Uskayaw.
  9238 | D:7      | Found a bloodstained altar of Trog.
  9536 | D:8      | Noticed sbaton's ghost (novice TrBe)
  9581 | D:8      | Found a transporter.
  9653 | D:8      | Found a shadowy altar of Dithmenos.
  9875 | D:9      | Noticed Erolcha
  9933 | D:9      | Noticed Harold
  9950 | D:9      | Killed Harold
  9985 | D:9      | Reached skill level 10 in Fighting
 10027 | D:10     | Entered Level 10 of the Dungeon
 10119 | D:11     | Noticed a white ugly thing
 10146 | D:11     | Found a staircase to the Orcish Mines.
 10152 | D:11     | Killed a white ugly thing
 10198 | D:11     | Noticed a two-headed ogre
 10205 | D:11     | Killed a two-headed ogre
 10214 | D:11     | Found a gate leading to a gauntlet.
 10250 | Gauntlet | Entered a Gauntlet
 10250 | Gauntlet | Found a transporter.
 10262 | Gauntlet | Noticed a torpor snail
 10274 | Gauntlet | Noticed a great orb of eyes
 10278 | Gauntlet | Noticed a seven-headed hydra
 10333 | Gauntlet | Found a transporter.
 10350 | Gauntlet | Found a transporter.
 10350 | Gauntlet | Noticed a brown ugly thing
 10353 | Gauntlet | Found a transporter.
 10358 | Gauntlet | Noticed a wizard
 10366 | Gauntlet | Noticed a wizard
 10373 | Gauntlet | Found a transporter.
 10386 | Gauntlet | Found a transporter.
 10390 | Gauntlet | Noticed a quicksilver ooze
 10399 | Gauntlet | Found a transporter.
 10400 | Gauntlet | Noticed a moth of wrath
 10423 | Gauntlet | Found a transporter.
 10423 | Gauntlet | Found a transporter.
 10425 | Gauntlet | Noticed a torpor snail
 10427 | Gauntlet | Found a runed translucent door.
 10429 | Gauntlet | Noticed a five-headed hydra
 10431 | Gauntlet | Found a transporter.
 10439 | Gauntlet | Found a runed translucent door.
 10459 | Gauntlet | Found a transporter.
 10461 | Gauntlet | Found a transporter.
 10499 | Gauntlet | Noticed a brown ugly thing
 10717 | Gauntlet | Killed a torpor snail
 10718 | Gauntlet | Reached XP level 11. HP: 87/101 MP: 8/10
 10724 | Gauntlet | Identified the +2 hat of Fedhas's Hope {rElec rPois Int-5
                  | Dex+5}
 11001 | Gauntlet | Identified the ring "Feorch" {Fire MP+9 Str-4 Dex+7 SInv}
 11061 | Gauntlet | Identified the +10 war axe "Xapucwaid" {venom, *Slow rC-
                  | Str+8 SInv}
 11061 | Gauntlet | Noticed a minotaur
 11197 | D:11     | Noticed a six-headed hydra
 11437 | D:10     | Got the Volume of Thrice Damned Blessings
 11498 | D:10     | Noticed a two-headed ogre
 11508 | D:10     | Killed a two-headed ogre
 11578 | D:10     | Found an ornate altar of the Wu Jian Council.
 11738 | D:10     | Noticed Maggie
 11780 | D:10     | Killed Maggie
 12251 | D:9      | Found a stormy altar of Qazlal.
 13035 | D:11     | Found a staircase to the Lair.
 13067 | D:11     | Killed a six-headed hydra
 13583 | D:11     | Noticed Fannar
 13613 | D:11     | Killed Fannar
 13940 | D:12     | Noticed a two-headed ogre
 13956 | D:12     | Killed a two-headed ogre
 14195 | D:12     | Noticed a two-headed ogre
 14205 | D:12     | Killed a two-headed ogre
 14451 | D:12     | Noticed a cyan ugly thing
 14458 | D:12     | Killed a cyan ugly thing
 14537 | D:12     | Reached XP level 12. HP: 87/113 MP: 8/11
 14666 | D:12     | Reached skill level 10 in Dodging
 14954 | D:12     | Found the +0 staff of Battle
 14974 | D:12     | Reached skill level 10 in Armour
 15051 | D:12     | Learned a level 2 spell: Static Discharge
 15276 | Orc:1    | Entered Level 1 of the Orcish Mines
 15448 | Lair:1   | Entered Level 1 of the Lair of Beasts
 15453 | Lair:1   | Identified the +0 plate armour of Unreason {Rampage rF+}
 15688 | Lair:1   | Reached skill level 1 in Conjurations
 15754 | Lair:1   | Noticed a five-headed hydra
 15799 | Lair:1   | Killed a five-headed hydra
 16179 | Lair:1   | Bought a jewelled great mace for 310 gold pieces
 16179 | Lair:1   | Identified the +9 great mace "Dude" {drain, Fly} (You
                  | bought it in a shop on level 1 of the Lair of Beasts)
 16179 | Lair:1   | Bought a runed demon blade for 486 gold pieces
 16179 | Lair:1   | Bought a glowing war axe for 175 gold pieces
 16293 | Lair:1   | Reached skill level 1 in Maces & Flails
 16311 | Lair:1   | Reached skill level 2 in Maces & Flails
 16615 | Lair:1   | Noticed a five-headed hydra
 16625 | Lair:1   | Killed a five-headed hydra
 16730 | Lair:1   | Reached skill level 3 in Maces & Flails
 16972 | Lair:2   | Found a hole to the Spider Nest.
 17149 | Lair:2   | Reached skill level 4 in Maces & Flails
 17393 | Lair:3   | Noticed a six-headed hydra
 17402 | Lair:3   | Killed a six-headed hydra
 17407 | Lair:3   | Reached XP level 13. HP: 83/122 MP: 7/12
 17566 | Lair:3   | Reached skill level 5 in Maces & Flails
 18118 | Lair:3   | Reached skill level 6 in Maces & Flails
 18674 | Lair:4   | Reached skill level 7 in Maces & Flails
 18867 | Lair:4   | Reached skill level 8 in Maces & Flails
 18973 | Lair:4   | You are sucked into a shaft and drop 1 floor!
 19263 | Lair:5   | Reached skill level 9 in Maces & Flails
 19405 | Lair:6   | Entered Level 6 of the Lair of Beasts
 19499 | Lair:6   | Reached skill level 10 in Maces & Flails
 19788 | Lair:6   | Reached skill level 11 in Maces & Flails
 20102 | Lair:6   | Reached skill level 12 in Maces & Flails
 20524 | Lair:6   | Reached skill level 13 in Maces & Flails
 20644 | Lair:6   | Reached XP level 14. HP: 122/129 MP: 13/13
 20798 | Lair:6   | Noticed Sonja
 20819 | Lair:6   | Killed Sonja
 21800 | Lair:5   | Reached skill level 14 in Maces & Flails
 22300 | Lair:6   | Found a staircase to the Slime Pits.
 23210 | Lair:4   | Reached skill level 15 in Maces & Flails
 23418 | Lair:2   | Found a staircase to the Shoals.
 24233 | Orc:2    | Entered Level 2 of the Orcish Mines
 24359 | Orc:2    | Paralysed by an orc sorcerer for 7 turns
 24997 | Orc:2    | Reached skill level 16 in Maces & Flails
 25092 | Orc:2    | Found a staircase to the Elven Halls.
 25163 | Orc:2    | Paralysed by an orc sorcerer for 7 turns
 25168 | Orc:2    | HP: 3/133 [poisoned by a red devil]
 25169 | Orc:2    | Succumbed to a red devil's poison

Illustrated notes

Levels and vault maps discovered:
D:1:      minmay_arrival_diagonal_passages, layout_rooms,
          chequers_serial_rivers_large_a, minmay_fountain_box,
          corexii_item_surrounded_by_moat
D:2:      layout_basic, basic_altar, uniq_natasha
D:3:      layout_basic, gammafunk_ghost_icy
D:4:      layout_basic, minitemple, uniq_pikel
D:5:      layout_cave_pods, tso_oasis_becter, mainiacjoe_overflow_alcove_4,
          uniq_grinder
D:6:      gammafunk_cloud_chamber, layout_gridville, temple_doors_e,
          grunt_decor_cap, nicolae_wooded_promenade, uniq_duvessa, uniq_menkaure
D:7:      lemuel_slime, layout_loops_cross, chequers_temple_overflow_minitemple,
          vehumet_statue, grunt_potential, uniq_prince_ribbit1
D:8:      layout_cave_pools, mainiacjoe_overflow_brackets,
          gammafunk_ghost_stat_death
D:9:      layout_irregular_city, amcnicky_altar_gilded, uniq_harold,
          uniq_erolcha
D:10:     layout_cave_pools, nzn_wu_jian_contemplation, uniq_maggie
D:11:     layout_roguey, erik_lair_island, hiddenorc1_lemuel,
          gauntlet_entry_generic, serial_bayou, serial_bayou_pond_d,
          serial_bayou_shore_a, serial_bayou_pond_e, serial_bayou_lagoon_a,
          serial_bayou_crossing, uniq_fannar
D:12:     layout_roguey, hellmonk_guarded_unrand_staff_of_battle
D:13:     layout_big_octagon, chequers_garden, uniq_nessos
Lair:1:   layout_regular_city, minmay_shattered_shrine, lemuel_fruit_fields
Lair:2:   layout_small_grid, elwin_shoals_entry_stream,
          hellmonk_spider_entry_not_the_bees
Lair:3:   layout_misc_corridors, roderic_batcave, grunt_megastairs_3,
          lemuel_fruit_tree
Lair:4:   dpeg_oklob_gauntlet, layout_cave_pods, disabler_island
Lair:5:   layout_small_grid
Lair:6:   minmay_lair_end_enchanted_forest, layout_cave_pods,
          minmay_slime_entry_oklob_open, patterned_corridor, uniq_sonja
Orc:1:    layout_diamond_mine
Orc:2:    kennysheep_orc_mage_school, layout_diamond_mine

Skill      XL: |  1  2  3  4  5  6  7  8  9 10 11 12 13 14 |
---------------+-------------------------------------------+-----
Shields        | 4 5 6 |  6.4
Axes           | 3 4 5 6 8 9 11 12 13 14 | 14.4
Fighting       | 4 5 7 9 10 12 13 14 | 14.7
Armour         | 4 5 6 7 8 9 10 | 10.3
Dodging        | 1 3 5 7 9 11 | 11.8
Stealth        | 1 |  1.0
Conjurations   | 3 4 |  4.0
Maces & Flails | 4 13 16 | 16.1
Evocations     | |  0.4

Action                   |  1- 3 |  4- 6 |  7- 9 | 10-12 | 13-15 || total
-------------------------+-------+-------+-------+-------+-------++-------
Melee: War axe           |    55 |   139 |   246 |   461 |       ||   901
       Headbutt          |     3 |    18 |    56 |   128 |   104 ||   309
       Trident           |       |       |       |    18 |       ||    18
       Great mace        |       |       |       |    73 |   509 ||   582
       Broad axe         |       |       |       |    20 |       ||    20
Throw: Throwing net      |       |       |       |     4 |       ||     4
       Dart              |       |       |       |     8 |     5 ||    13
Invok: Potion Petition   |       |       |       |     1 |       ||     1
       Call Merchant     |       |       |       |     1 |       ||     1
Evoke: Wand              |       |       |    22 |    21 |    24 ||    67
       Lightning rod     |       |       |       |       |     2 ||     2
  Use: Potion            |     1 |     2 |     1 |    16 |     1 ||    21
       Scroll            |       |     7 |     7 |    15 |     5 ||    34
 Stab: Distracted        |       |     1 |     4 |     1 |     5 ||    11
       Held in net/web   |       |       |       |     2 |       ||     2
       Sleeping          |       |       |       |     1 |       ||     1
Armor: Scale mail        |    25 |    58 |    54 |   126 |   186 ||   449
       Leather armour    |       |       |    20 |    15 |       ||    35
Dodge: Dodged            |    34 |    45 |   101 |   337 |   546 ||  1063
Block: Buckler           |     7 |    25 |    47 |   121 |       ||   200
